 Dungeon Crawl Stone Soup version 0.30.1-6-gbe392663c4 (webtiles) character file.

Game seed: 6405275473136619262

16 H0rd4k the Charlatan (level 2, 0/21 HPs)
             Began as a Human Artificer on Sept 20, 2023.
             Succumbed to a goblin's poison
             ... on level 2 of the Dungeon.
             The game lasted 00:01:07 (660 turns).

H0rd4k the Charlatan (Human Artificer)               Turns: 660, Time: 00:01:07

Health: 0/21       AC:  3    Str: 12    XL:     2   Next: 70%
Magic:  1/1        EV: 11    Int: 11    God:
Gold:   24         SH:  0    Dex: 11    Spells: 1/1 levels left

rFire   + . .        j - +1 short sword (elec)
rCold   + . .        (no shield)
rNeg    . . .        b - +0 leather armour
rPois   +            (helmet restricted)
rElec   +            (no cloak)
rCorr   +            (no gloves)
SInv    .            (no boots)
Will    .....        (no amulet)
Stlth   +            (no ring)
HPRegen 0.23/turn    (no ring)
MPRegen 0.07/turn

%: no passive effects
@: lethally poisoned (0 -> -7), resistant
A: horns 1, clumsy 1, low MP 1
a: no special abilities


You were on level 2 of the Dungeon.
You visited 1 branch of the dungeon, and saw 2 of its levels.

You collected 24 gold pieces.

Inventory:

Hand Weapons
 j - a +1 short sword of electrocution (weapon)
Missiles
 h - 3 poisoned darts
Armour
 b - a +0 leather armour (worn)
Wands
 c - a wand of flame (14) (quivered)
 d - a wand of charming (15)
 e - a wand of iceblast (5)
Potions
 i - a potion of flight {unknown}


   Skills:
 + Level 1.1 Fighting
 - Level 0.5 Maces & Flails
 - Level 2.0 Armour
 + Level 1.1 Dodging
 - Level 1.0 Stealth
 + Level 3.5 Evocations


You had one spell level left.
You didn't know any spells.
Your spell library contained the following spells:

 Spells                   Type           Power      Damage    Failure   Level
 Passage of Golubria      Tloc           0%         N/A       99%         4
 Silence                  Hex/Air        0%         N/A       100%        5
 Lehudib's Crystal Spear  Conj/Erth      0%         10d2      100%        8


Dungeon Overview and Level Annotations

Branches:
Dungeon (2/15)

Altars:

Shops:
D:1 :([


Innate Abilities, Weirdness & Mutations

You have a pair of small horns on your head.
You are clumsy. (Dex -2)
Your magical capacity is low. (-10% MP)


Message History

There is an open door here.
There is a stone staircase leading down here.
You climb downwards.
Found a grey potion and a whip.
There is a stone staircase leading up here.
Key pressed, stopping travel.
A goblin comes into view. It is wielding a +3 dagger of venom.
A goblin is nearby!
The goblin shouts!
You see here a grey potion.
You closely miss the goblin.
The goblin hits you with a +3 dagger of venom.
You barely miss the goblin.
The goblin hits you with a +3 dagger of venom.
You are lethally poisoned!
You are too injured to fight recklessly!
You are too injured to fight recklessly!
There is a lethal amount of poison in your body!
You are too injured to fight recklessly!
There is a lethal amount of poison in your body!
You miss the goblin.
You feel very sick. The goblin hits you but does no damage.
You are more poisoned.
Unknown command.
Aiming: Throw Flame
Press: ? - help, Shift-Dir - straight line, f - goblin
Aim: a goblin, wielding a +3 dagger of venom (64% to hit)
The puff of flame hits the goblin!
You kill the goblin!
* * * LOW HITPOINT WARNING * * *
You feel very sick.
A bat comes into view.
It was a potion of mutation.
You feel extremely strange.
You feel clumsy.
You feel less energetic. A pair of horns grows on your head!
* * * LOW HITPOINT WARNING * * *
You feel very sick.
It was a potion of resistance.
You feel protected.
You die...

## .. . ### #. ...
##.# ♣♣ . #..
....♣♣♣♣♣♣.♣♣..#
#b.####...........#
#..)@......<....#
#...######.#.##.#
....... #.#.#
....... #.#.#
####.## #.#.. #.
#.#.. # ..#)##
##.#.


You could see a bat (wandering).

Vanquished Creatures
  An endoplasm (D:1)
  3 goblins
  A hobgoblin (D:1)
  2 kobolds (D:1)
  3 quokkas (D:1)
  A ball python (D:1)
  A bat (D:1)
  2 rats (D:1)
14 creatures vanquished.

Notes
Turn   | Place    | Note
-------+----------+-------------------------------------------
     0 | D:1      | H0rd4k the Human Artificer began the quest for the Orb.
     0 | D:1      | Reached XP level 1. HP: 15/15 MP: 1/1
    38 | D:1      | Found Beoxirink's Book Emporium.
   160 | D:1      | Reached XP level 2. HP: 10/21 MP: 2/2
   284 | D:1      | Found Vyselec's Antique Weapon Shoppe.
   504 | D:1      | Found Qiohaz's Antique Armour Shop.
   659 | D:2      | Gained mutation: You are clumsy. (Dex -2) [potion of
                  | mutation]
   659 | D:2      | Gained mutation: Your magical capacity is low. (-10% MP)
                  | [potion of mutation]
   659 | D:2      | Gained mutation: You have a pair of small horns on your
                  | head. [potion of mutation]
   660 | D:2      | Succumbed to a goblin's poison

Illustrated notes

Levels and vault maps discovered:
D:1:      dpeg_arrival_refuge, layout_rooms, serial_shops, shop, shop, shop,
          serial_bayou_pond_d
D:2:      layout_loops_ring, chequers_ecumenical_altar_grove, minmay_lizard_pond

Action                     || total
---------------------------++-------
  Melee: Club              ||    62
         Short sword       ||     5
         Punch             ||     1
  Evoke: Wand              ||     1
    Use: Potion            ||     2
   Stab: Sleeping          ||     1
 Armour: Leather armour    ||    19
  Dodge: Dodged            ||    57
